[Event "42nd Olympiad Baku 2016 Open"]
[Site "Baku"]
[Date "2016.09.04"]
[Round "3.12"]
[White "Al Turky, Fahad A"]
[Black "Jacopucci, Enrique"]
[Result "0-1"]
[ECO "E81"]
[WhiteElo "1861"]
[BlackElo "1676"]
[Annotator ""]
[PlyCount "66"]
[EventDate "2016.??.??"]
[EventCountry "AZE"]
[SourceTitle "playchess.com"]
[Source "ChessBase"]
[WhiteTeam "KSA"]
[BlackTeam "ARU"]
[TimeControl "40/5400+30:1800+30"]

1. d4 {(00:00)} Nf6 {(00:00)} 2. c4 {(01:22)} g6 {(
00:08)} 3. Nc3 {(00:54)} Bg7 {(00:19)} 4. e4 {(01:44)} d6
{(00:20)} 5. f3 {(01:28)} O-O {(01:13)} 6. Be3 {(
00:47)} Nbd7 {(01:03)} 7. Qd2 {(02:43)} e5 {(01:43)} 8. d5
{(00:40)} a5 {(02:02)} 9. Nge2 {(01:36)} b6 {(04:
08)} 10. Bh6 {(16:16)} Nc5 {(04:49)} 11. Bxg7 {(02:22)}
Kxg7 {(00:29)} 12. Nc1 {(12:12)} Nh5 {(02:06)} 13. g3 {
(05:42)} f5 {(01:22)} 14. Nd3 {(00:54)} fxe4 {(04:
29)} 15. Nxc5 {(07:36)} bxc5 {(01:48)} 16. fxe4 {(01:06)}
Bd7 {(10:34)} 17. Be2 {(02:07)} Nf6 {(00:45)} 18. O-O {
(02:51)} Bh3 {(03:19)} 19. Rf2 {(03:31)} Qe7 {(04:
02)} 20. Bf1 {(07:14)} Bd7 {(01:47)} 21. h3 {(02:51)} h6 {
(01:01)} 22. Bg2 {(00:29)} Nh5 {(02:44)} 23. Kh2 {(
02:47)} Rxf2 {(02:32)} 24. Qxf2 {(00:12)} Rf8 {(00:20)}
25. Qe3 {(01:40)} Rf7 {(03:23)} 26. Rf1 {(01:09)} Rxf1 {
(03:40)} 27. Bxf1 {(00:17)} Qf8 {(08:11)} 28. Bg2 {
(00:14)} g5 {(06:01)} 29. Qf3 {(01:55)} Nf6 {(05:
51)} 30. b3 {(05:20)} h5 {(04:23)} 31. Qf2 {(03:05)} Ng4+
{(01:35)} 32. hxg4 {(02:57)} Qxf2 {(00:33)} 33. gxh5 {
(00:12)} Bg4 {(02:24)} 0-1

[Event "42nd Olympiad Baku 2016 Open"]
[Site "Baku"]
[Date "2016.09.04"]
[Round "3.13"]
[White "Alice, Mateus Felizardo Vi"]
[Black "Rozentalis, Eduardas"]
[Result "0-1"]
[ECO "A06"]
[WhiteElo "2164"]
[BlackElo "2565"]
[Annotator ""]
[PlyCount "106"]
[EventDate "2016.??.??"]
[EventCountry "AZE"]
[SourceTitle "playchess.com"]
[Source "ChessBase"]
[WhiteTeam "Mozambique"]
[BlackTeam "Lithuania"]
[WhiteTeamCountry "MOZ"]
[BlackTeamCountry "LTU"]
[TimeControl "40/5400+30:1800+30"]

1. Nf3 {(00:00)} d5 {(00:58)} 2. g3 {(00:30)} c6 {(
00:19)} 3. Bg2 {(00:31)} Bg4 {(01:03)} 4. Ne5 {(02:06)}
Be6 {(02:05)} 5. d4 {(00:14)} Nd7 {(00:57)} 6. f4 {
(00:32)} Ngf6 {(02:08)} 7. O-O {(00:18)} Bf5 {(00:
13)} 8. Nd2 {(01:51)} e6 {(01:05)} 9. c3 {(00:17)} h5 {
(01:07)} 10. h3 {(01:04)} Qb6 {(02:25)} 11. Qb3 {(
00:16)} Bd6 {(03:19)} 12. Nxd7 {(01:11)} Kxd7 {(01:37)}
13. Qxb6 {(02:08)} axb6 {(00:12)} 14. h4 {(00:31)} b5 {
(01:40)} 15. a3 {(02:58)} b4 {(04:29)} 16. cxb4 {(
00:14)} Bxb4 {(00:22)} 17. Nf3 {(00:11)} Ne4 {(01:39)} 18.
Ne5+ {(02:57)} Ke7 {(00:22)} 19. Bxe4 {(01:23)} dxe4 {
(01:49)} 20. Be3 {(01:13)} Bd6 {(00:56)} 21. Nc4 {(
00:16)} Bc7 {(00:10)} 22. Bd2 {(00:52)} Rhd8 {(02:51)} 23.
Bc3 {(03:50)} f6 {(01:47)} 24. Kf2 {(00:45)} Kf7 {(
04:15)} 25. Ke3 {(02:56)} Kg6 {(06:09)} 26. a4 {(06:58)}
Bh3 {(22:36)} 27. Rh1 {(00:12)} Bg4 {(00:20)} 28. a5 {
(00:18)} Rd5 {(07:26)} 29. b4 {(02:02)} Kh6 {(02:
26)} 30. Rhe1 {(02:58)} Bf5 {(03:46)} 31. Rf1 {(05:00)} g5
{(05:56)} 32. hxg5+ {(02:31)} fxg5 {(00:13)} 33. Nd2 {
(00:25)} gxf4+ {(02:45)} 34. gxf4 {(00:01)} Rf8 {(
04:40)} 35. Nxe4 {(05:56)} Bh3 {(00:14)} 36. Rf3 {(00:44)}
Bg4 {(00:12)} 37. Rf2 {(00:12)} Rdf5 {(00:26)} 38. Raf1 {
(01:21)} Bh3 {(00:40)} 39. Rh1 {(00:20)} Rxf4 {(03:
19)} 40. Rxh3 {(00:00)} Rxe4+ {(00:00)} 41. Kxe4 {(04:58)}
Rxf2 {(00:34)} 42. Rf3 {(01:01)} Rxf3 {(21:39)} 43. Kxf3 {
(00:18)} e5 {(00:17)} 44. dxe5 {(03:02)} Kg6 {(02:
25)} 45. Kf4 {(00:45)} Bd8 {(00:28)} 46. Bd4 {(03:02)}
Bg5+ {(04:50)} 47. Ke4 {(00:16)} h4 {(00:30)} 48. e6 {
(25:09)} Be7 {(02:21)} 49. Bc3 {(26:25)} Bd6 {(00:
28)} 50. Kf3 {(08:51)} Kf5 {(00:51)} 51. Be1 {(01:49)} h3
{(00:56)} 52. e7 {(00:29)} Bxe7 {(00:06)} 53. Kg3 {
(00:05)} Bh4+ {(00:19)} 0-1

[Event "42nd Olympiad Baku 2016 Open"]
[Site "Baku"]
[Date "2016.09.04"]
[Round "3.31"]
[White "Allam, Mohamed"]
[Black "Hassuji, Nurdin"]
[Result "1-0"]
[ECO "D30"]
[WhiteElo "1850"]
[BlackElo "1732"]
[Annotator ""]
[PlyCount "59"]
[EventDate "2016.??.??"]
[EventCountry "AZE"]
[SourceTitle "playchess.com"]
[Source "ChessBase"]
[WhiteTeam "Palestine"]
[BlackTeam "Tanzania"]
[WhiteTeamCountry "PLE"]
[BlackTeamCountry "TAN"]
[TimeControl "40/5400+30:1800+30"]

1. d4 {(00:00)} d5 {(00:00)} 2. c4 {(00:00)} c6 {(
00:14)} 3. Nf3 {(00:00)} Nf6 {(00:13)} 4. e3 {(00:00)} e6
{(00:44)} 5. Nbd2 {(00:00)} Nbd7 {(00:57)} 6. Bd3 {
(00:00)} Bd6 {(01:06)} 7. O-O {(00:00)} O-O {(00:
29)} 8. e4 {(00:06)} dxe4 {(00:59)} 9. Nxe4 {(02:51)} Nxe4
{(00:59)} 10. Bxe4 {(00:03)} Nf6 {(01:25)} 11. Bc2 {
(00:03)} h6 {(02:05)} 12. b3 {(00:40)} Qe7 {(03:45]
} 13. a4 {(05:52)} b6 {(09:31)} 14. Bb2 {(01:52)} c5 {
(05:58)} 15. Re1 {(06:59)} cxd4 {(03:28)} 16. Nxd4 {
(03:03)} Qd7 {(20:01)} 17. Qe2 {(17:27)} Bb7 {(04:
38)} 18. Rad1 {(14:32)} Qc7 {(02:29)} 19. Nf3 {(01:48)}
Bxf3 {(04:13)} 20. Qxf3 {(00:11)} Bxh2+ {(01:14)} 21. Kh1
{(01:30)} Bf4 {(08:38)} 22. g3 {(02:00)} Bg5 {(04:
37)} 23. Be5 {(00:19)} Qc8 {(01:30)} 24. Qe2 {(10:42)} Nd7
{(04:54)} 25. Qd3 {(03:26)} Rd8 {(02:28)} 26. Qh7+ {
(00:42)} Kf8 {(00:10)} 27. Bd6+ {(00:05)} Ke8 {(04:
02)} 28. Qg8+ {(00:13)} Nf8 {(00:20)} 29. Qxf8+ {(00:11)}
Kd7 {(00:02)} 30. Qxf7+ {(00:07)} 1-0

[Event "42nd Olympiad Baku 2016 Open"]
[Site "Baku"]
[Date "2016.09.04"]
[Round "3.4"]
[White "Alothman, Abdul Wahab"]
[Black "Janchivnyambuu, Enkhbayar"]
[Result "1-0"]
[ECO "D06"]
[WhiteElo "2056"]
[BlackElo "2049"]
[Annotator ""]
[PlyCount "111"]
[EventDate "2016.??.??"]
[EventCountry "AZE"]
[SourceTitle "playchess.com"]
[Source "ChessBase"]
[WhiteTeam "KUW"]
[BlackTeam "ICCD"]
[WhiteTeamCountry "KUW"]
[BlackTeamCountry "USA"]
[TimeControl "40/5400+30:1800+30"]

1. d4 {(00:00)} d5 {(00:00)} 2. Nf3 {(00:00)} Nf6 {
(00:00)} 3. e3 {(00:00)} Bf5 {(00:54)} 4. c4 {(00:
31)} e6 {(00:41)} 5. Nc3 {(00:34)} Nbd7 {(00:44)} 6. Bd3 {
(05:30)} Bxd3 {(02:55)} 7. Qxd3 {(00:08)} Be7 {(00:
26)} 8. cxd5 {(05:05)} exd5 {(16:13)} 9. Qb5 {(01:24)} O-O
{(03:09)} 10. Nxd5 {(02:39)} Nxd5 {(05:29)} 11. Qxd5 {
(00:08)} c6 {(01:11)} 12. Qb3 {(00:51)} Qa5+ {(00:
59)} 13. Bd2 {(07:33)} Qa6 {(00:52)} 14. Qd1 {(05:28)} c5
{(07:18)} 15. Qe2 {(01:12)} Qg6 {(05:53)} 16. O-O {
(00:27)} cxd4 {(01:37)} 17. exd4 {(02:44)} Bd6 {(
04:05)} 18. Rfe1 {(09:27)} Nb6 {(05:51)} 19. Qe4 {(04:07)}
Qxe4 {(06:47)} 20. Rxe4 {(00:10)} Rfe8 {(00:52)} 21. Rae1
{(04:36)} Kf8 {(01:06)} 22. Ng5 {(03:16)} Rxe4 {(
00:40)} 23. Nxe4 {(00:15)} Be7 {(03:10)} 24. Nc5 {(03:16)}
Nd5 {(05:55)} 25. Re5 {(04:31)} Nc7 {(03:15)} 26. Bb4 {
(06:57)} Ne6 {(05:57)} 27. f4 {(15:52)} Rd8 {(07:
51)} 28. Nxe6+ {(08:48)} fxe6 {(00:32)} 29. Bc3 {(02:10)}
Kf7 {(00:16)} 30. Kf2 {(00:21)} Bf6 {(00:39)} 31. Re4 {
(00:18)} Rd5 {(00:19)} 32. g4 {(02:00)} h6 {(00:51]
} 33. Kg3 {(01:25)} Bd8 {(01:29)} 34. Re5 {(01:31)} Bc7 {
(02:29)} 35. Rxd5 {(00:19)} exd5 {(00:08)} 36. h4 {
(01:33)} Kf6 {(00:39)} 37. h5 {(00:48)} Bb6 {(01:
49)} 38. a4 {(00:41)} Bc7 {(00:31)} 39. Kf3 {(00:10)} Bd6
{(00:39)} 40. Be1 {(00:00)} Bc7 {(00:00)} 41. Bh4+ {
(02:14)} Ke6 {(01:28)} 42. f5+ {(03:40)} Kf7 {(01:
02)} 43. g5 {(04:23)} hxg5 {(00:45)} 44. Bxg5 {(00:06)}
Bd6 {(01:54)} 45. Bf4 {(01:24)} Bb4 {(00:33)} 46. Bb8 {
(03:17)} a6 {(01:02)} 47. Kf4 {(02:34)} Kf6 {(01:
12)} 48. Be5+ {(01:28)} Kf7 {(00:18)} 49. Bc7 {(02:11)}
Ke7 {(14:31)} 50. Ke5 {(03:15)} Kd7 {(03:11)} 51. Bb8 {
(02:08)} Kc6 {(06:42)} 52. Ke6 {(00:23)} Bd2 {(00:
59)} 53. Be5 {(00:36)} Bc1 {(02:25)} 54. b3 {(01:18)} Bh6
{(00:32)} 55. Kf7 {(00:14)} b5 {(00:06)} 56. Bxg7 {
(00:16)} 1-0

[Event "42nd Olympiad Baku 2016 Open"]
[Site "Baku"]
[Date "2016.09.04"]
[Round "3.15"]
[White "Ameku, Philip Elikem"]
[Black "Theocharous, Stelios"]
[Result "0-1"]
[ECO "B23"]
[WhiteElo "1914"]
[BlackElo "2065"]
[Annotator ""]
[PlyCount "144"]
[EventDate "2016.??.??"]
[EventCountry "AZE"]
[SourceTitle "playchess.com"]
[Source "ChessBase"]
[WhiteTeam "Ghana"]
[BlackTeam "Cyprus"]
[WhiteTeamCountry "GHA"]
[BlackTeamCountry "CYP"]
[TimeControl "40/5400+30:1800+30"]

1. e4 {(00:00)} c5 {(00:00)} 2. Nc3 {(00:00)} Nc6 {
(00:00)} 3. f4 {(00:05)} e6 {(00:00)} 4. Nf3 {(00:
09)} Nge7 {(00:03)} 5. d4 {(00:35)} cxd4 {(00:11)} 6. Nxd4
{(00:03)} Nxd4 {(00:09)} 7. Qxd4 {(00:06)} Nc6 {(
00:05)} 8. Qf2 {(00:28)} d5 {(00:21)} 9. e5 {(04:27)} Be7
{(10:24)} 10. Be2 {(01:59)} O-O {(01:10)} 11. O-O {
(00:54)} f6 {(04:08)} 12. Qg3 {(01:37)} Bc5+ {(10:
18)} 13. Kh1 {(00:28)} Nd4 {(02:34)} 14. Qd3 {(05:41)}
Nxe2 {(13:41)} 15. Qxe2 {(01:06)} fxe5 {(04:40)} 16. Qxe5
{(05:33)} Rf5 {(03:30)} 17. Qe1 {(01:48)} Bd7 {(02:
16)} 18. Bd2 {(02:36)} Qe7 {(04:10)} 19. Ne2 {(01:51)} Bc6
{(05:49)} 20. Bc3 {(01:28)} Raf8 {(06:04)} 21. Be5 {
(03:56)} Bb5 {(06:28)} 22. c3 {(00:59)} Rh5 {(03:
37)} 23. Rf3 {(01:29)} Rhf5 {(09:43)} 24. Nd4 {(01:59)}
Bxd4 {(01:46)} 25. cxd4 {(00:06)} Rc8 {(00:45)} 26. Rc3 {
(00:29)} Rff8 {(00:48)} 27. Rac1 {(00:04)} Bd7 {(
02:34)} 28. Rc7 {(00:42)} Rxc7 {(02:38)} 29. Rxc7 {(00:20]
} Rc8 {(03:46)} 30. Qc3 {(00:03)} Qd8 {(01:09)} 31. h3 {
(00:33)} Rxc7 {(00:20)} 32. Bxc7 {(00:27)} Qe7 {(
01:13)} 33. Be5 {(00:23)} Bc6 {(00:42)} 34. Qa5 {(00:46)}
a6 {(00:29)} 35. Qb6 {(00:03)} h6 {(00:22)} 36. a3 {
(00:36)} Qf7 {(00:48)} 37. Qd8+ {(00:20)} Kh7 {(00:
11)} 38. Kh2 {(00:26)} Bb5 {(00:24)} 39. Qh4 {(00:28)} Qg6
{(01:00)} 40. Qe7 {(00:00)} Bf1 {(00:00)} 41. Qxg7+ {
(07:40)} Qxg7 {(01:51)} 42. Bxg7 {(02:36)} Kxg7 {(
01:49)} 43. g4 {(01:15)} Kg6 {(02:19)} 44. Kg3 {(00:45)}
h5 {(04:16)} 45. Kh4 {(00:20)} Be2 {(00:36)} 46. Kg3 {
(00:18)} Bd1 {(01:00)} 47. Kh4 {(00:03)} a5 {(01:
20)} 48. Kg3 {(00:16)} b5 {(00:46)} 49. Kh4 {(00:03)} b4 {
(00:47)} 50. axb4 {(00:43)} axb4 {(00:04)} 51. Kg3 {
(00:14)} hxg4 {(04:55)} 52. hxg4 {(00:05)} Kf6 {(
00:04)} 53. Kh4 {(00:22)} Ke7 {(00:36)} 54. Kg5 {(00:24)}
Kd6 {(00:52)} 55. Kh5 {(00:13)} Kc6 {(02:13)} 56. Kh4 {
(00:11)} Bc2 {(02:44)} 57. Kh5 {(00:25)} Kb5 {(06:
38)} 58. Kg5 {(01:08)} Kc4 {(03:49)} 59. Kf6 {(00:15)}
Kxd4 {(00:17)} 60. Kxe6 {(00:09)} Kc5 {(01:21)} 61. f5 {
(00:02)} d4 {(00:16)} 62. f6 {(01:28)} d3 {(00:11)}
63. g5 d2 {(00:24)} 64. f7 {(01:21)} Bb3+ {(00:36)} 65.
Ke7 {(00:02)} Bxf7 {(00:09)} 66. Kxf7 {(00:03)} d1=Q {
(00:11)} 67. g6 {(00:05)} Qf3+ {(00:11)} 68. Kg8 {(
00:13)} Kd6 {(00:14)} 69. g7 {(00:02)} Ke7 {(00:22)} 70.
Kh7 {(00:02)} Qh5+ {(00:16)} 71. Kg8 {(00:10)} Kf6 {
(00:28)} 72. Kf8 {(00:10)} Qh6 {(00:14)} 0-1

[Event "42nd Olympiad Baku 2016 Open"]
[Site "Baku"]
[Date "2016.09.04"]
[Round "3.1"]
[White "Amewounou, Komlan Kouessan"]
[Black "Santos da Costa, Jose Manuel"]
[Result "0-1"]
[ECO "D01"]
[WhiteElo "1798"]
[BlackElo "1960"]
[Annotator ""]
[PlyCount "68"]
[EventDate "2016.??.??"]
[EventCountry "AZE"]
[SourceTitle "playchess.com"]
[Source "ChessBase"]
[WhiteTeam "Togo"]
[BlackTeam "STP"]
[WhiteTeamCountry "TOG"]
[TimeControl "40/5400+30:1800+30"]

1. d4 {(00:07)} d5 {(00:00)} 2. Nc3 {(00:11)} Nf6 {
(00:00)} 3. Bg5 {(00:25)} Nbd7 {(00:00)} 4. f3 {(
00:36)} c5 {(00:44)} 5. Qd3 {(03:59)} cxd4 {(01:42)} 6.
Qxd4 {(00:16)} Qa5 {(00:08)} 7. O-O-O {(02:09)} e6 {
(00:03)} 8. Bxf6 {(00:40)} Nxf6 {(00:04)} 9. e4 {(
00:28)} Bb4 {(00:13)} 10. Bb5+ {(00:31)} Ke7 {(04:11)} 11.
Nge2 {(00:44)} a6 {(05:27)} 12. Ba4 {(00:21)} dxe4 {
(10:57)} 13. fxe4 {(14:20)} Bc5 {(01:39)} 14. Qd2 {
(05:02)} Qb6 {(17:30)} 15. Kb1 {(01:40)} Be3 {(01:
02)} 16. Qe1 {(14:15)} Qc5 {(00:39)} 17. Qg3 {(07:49)} b5
{(08:21)} 18. Nxb5 {(11:40)} axb5 {(00:18)} 19. Bxb5 {
(01:23)} Ba6 {(20:35)} 20. Bxa6 {(16:18)} Rxa6 {(
00:08)} 21. e5 {(01:31)} Ne4 {(00:32)} 22. Qxg7 {(05:25)}
Rc8 {(01:41)} 23. c3 {(05:57)} Rb8 {(23:14)} 24. Rd7+ {
(03:15)} Kxd7 {(00:07)} 25. Qxf7+ {(00:06)} Kc8 {(
00:22)} 26. Qe8+ {(00:38)} Kb7 {(00:17)} 27. b4 {(02:29)}
Rxe8 {(00:12)} 28. bxc5 {(00:11)} Bxc5 {(00:22)} 29. Rd1 {
(00:51)} Kc7 {(00:03)} 30. Rc1 {(00:41)} Rb8+ {(00:
04)} 31. Ka1 {(00:06)} Nd2 {(00:36)} 32. Nd4 {(00:52)}
Bxd4 {(00:01)} 33. cxd4+ {(00:17)} Kd7 {(00:07)} 34. Rc3 {
(00:35)} Rb1# {(00:08)} 0-1

[Event "42nd Olympiad Baku 2016 Open"]
[Site "Baku"]
[Date "2016.09.04"]
[Round "3.5"]
[White "Amonatov, Farrukh"]
[Black "Aloma Vidal, Robert"]
[Result "1-0"]
[ECO "C78"]
[WhiteElo "2610"]
[BlackElo "2482"]
[Annotator ""]
[PlyCount "109"]
[EventDate "2016.??.??"]
[EventCountry "AZE"]
[SourceTitle "playchess.com"]
[Source "ChessBase"]
[WhiteTeam "Tajikistan"]
[BlackTeam "Andorra"]
[WhiteTeamCountry "TJK"]
[BlackTeamCountry "AND"]
[TimeControl "40/5400+30:1800+30"]

1. e4 {(00:00)} e5 {(00:00)} 2. Nf3 {(00:00)} Nc6 {
(00:00)} 3. Bb5 {(00:00)} a6 {(00:21)} 4. Ba4 {(00:
00)} Nf6 {(00:05)} 5. O-O {(00:00)} b5 {(00:13)} 6. Bb3 {
(00:05)} Bb7 {(00:03)} 7. d3 {(00:42)} Be7 {(00:37]
} 8. Nc3 {(00:34)} O-O {(00:14)} 9. Re1 {(00:32)} d6 {
(05:42)} 10. a3 {(00:28)} Na5 {(18:56)} 11. Ba2 {(
01:20)} c5 {(00:07)} 12. Ne2 {(00:40)} Bc8 {(10:00)} 13.
Ng3 {(03:10)} Be6 {(00:33)} 14. Bxe6 {(01:09)} fxe6 {
(00:08)} 15. b4 {(00:13)} Nc6 {(03:11)} 16. c3 {(
00:19)} Qd7 {(05:17)} 17. h3 {(09:02)} a5 {(07:39)} 18.
bxc5 {(01:49)} dxc5 {(00:19)} 19. a4 {(00:57)} b4 {
(00:56)} 20. Bb2 {(01:17)} Bd6 {(10:57)} 21. Nd2 {(
03:44)} Bc7 {(04:14)} 22. Nc4 {(00:50)} Rad8 {(00:39)} 23.
Re3 {(00:53)} Qf7 {(08:22)} 24. Rf3 {(04:54)} h5 {(
00:52)} 25. cxb4 {(10:12)} cxb4 {(01:11)} 26. Rc1 {(00:38]
} h4 {(04:14)} 27. Nf1 {(13:18)} Qd7 {(00:49)} 28. Nfd2 {
(04:49)} Nd4 {(00:54)} 29. Bxd4 {(00:21)} Qxd4 {(
00:22)} 30. Re3 {(04:49)} Qa7 {(06:08)} 31. Nf3 {(00:53)}
Bb6 {(02:50)} 32. Nxb6 {(00:29)} Qxb6 {(00:02)} 33. Nxh4 {
(07:32)} Qd6 {(06:56)} 34. Nf3 {(04:34)} Rc8 {(00:
16)} 35. Nd2 {(00:45)} Rc3 {(02:47)} 36. Nc4 {(01:41)} Qd4
{(00:22)} 37. Nxa5 {(00:59)} Rfc8 {(00:50)} 38. Rb1 {
(00:44)} b3 {(00:43)} 39. Nxb3 {(00:39)} Qxa4 {(00:
23)} 40. Nd2 {(00:00)} Qa7 {(00:00)} 41. Nf3 {(01:39)} Qa3
{(02:51)} 42. Ra1 {(08:07)} Qb2 {(00:55)} 43. Re2 {
(01:08)} Qb5 {(00:38)} 44. Rd2 {(01:56)} Rd8 {(01:
18)} 45. Rb1 {(04:03)} Qc5 {(02:20)} 46. Ng5 {(07:39)} Qc6
{(01:25)} 47. Kh2 {(02:37)} Re8 {(03:09)} 48. Rdb2 {
(01:24)} Qd6 {(00:20)} 49. Rb3 {(00:26)} Rcc8 {(00:
32)} 50. Rb6 {(00:16)} Qd4 {(00:33)} 51. Qe2 {(01:11)} Rc3
{(00:24)} 52. Qa2 {(02:50)} Qxd3 {(07:15)} 53. Rxe6 {
(00:35)} Qc4 {(00:16)} 54. Rxe8+ {(00:21)} Nxe8 {(
00:02)} 55. Rb8 {(02:16)} 1-0

[Event "42nd Olympiad Baku 2016 Open"]
[Site "Baku"]
[Date "2016.09.04"]
[Round "3.25"]
[White "Ampie, Mauro"]
[Black "Rodriguez Vila, Andres"]
[Result "1/2-1/2"]
[ECO "C11"]
[WhiteElo "2348"]
[BlackElo "2453"]
[Annotator ""]
[PlyCount "105"]
[EventDate "2016.??.??"]
[EventCountry "AZE"]
[SourceTitle "playchess.com"]
[Source "ChessBase"]
[WhiteTeam "Nicaragua"]
[BlackTeam "Uruguay"]
[WhiteTeamCountry "NCA"]
[BlackTeamCountry "URU"]
[TimeControl "40/5400+30:1800+30"]

1. e4 {(00:00)} e6 {(00:00)} 2. Nc3 {(00:00)} d5 {(
00:00)} 3. d4 {(00:00)} Nf6 {(00:00)} 4. Bg5 {(01:03)}
dxe4 {(00:00)} 5. Nxe4 {(00:10)} Be7 {(00:03)} 6. Bxf6 {
(00:46)} gxf6 {(00:06)} 7. Nf3 {(00:21)} f5 {(00:
07)} 8. Nc3 {(02:10)} a6 {(00:07)} 9. Qe2 {(01:07)} b5 {
(00:06)} 10. O-O-O {(00:29)} b4 {(00:05)} 11. Na4 {
(00:39)} Qd5 {(00:03)} 12. Kb1 {(07:59)} Bd7 {(01:
59)} 13. Nc5 {(07:07)} Bb5 {(19:12)} 14. Qe5 {(10:16)}
Qxe5 {(00:04)} 15. Nxe5 {(04:15)} Bxf1 {(00:50)} 16. Rhxf1
{(00:43)} Rg8 {(00:33)} 17. g3 {(04:38)} a5 {(00:
26)} 18. Ncd3 {(04:13)} Ra6 {(00:54)} 19. Rfe1 {(05:39)}
f6 {(02:22)} 20. Nf3 {(07:29)} Kf7 {(00:33)} 21. d5 {
(03:50)} exd5 {(00:27)} 22. Nf4 {(04:27)} c6 {(00:
13)} 23. Nd4 {(01:47)} Bf8 {(12:34)} 24. h4 {(04:34)} Nd7
{(13:35)} 25. Nxf5 {(01:24)} Nc5 {(01:06)} 26. f3 {
(05:19)} Nd7 {(02:07)} 27. Ne6 {(02:58)} Ne5 {(02:
22)} 28. Nxf8 {(01:08)} Rxf8 {(29:55)} 29. f4 {(01:09)}
Ng4 {(00:05)} 30. h5 {(06:16)} Ra7 {(04:46)} 31. Rd2 {
(00:40)} Rd7 {(00:09)} 32. Rde2 {(00:35)} Rfd8 {(
00:04)} 33. Re7+ {(05:44)} Kf8 {(00:17)} 34. Rxd7 {(01:04]
} Rxd7 {(00:02)} 35. Re6 {(00:12)} Rc7 {(01:33)} 36. Nd4 {
(01:17)} c5 {(01:46)} 37. Nf5 {(00:27)} Rc8 {(03:
34)} 38. Nd6 {(03:21)} Rb8 {(00:22)} 39. Kc1 {(02:57)} a4
{(00:16)} 40. Kd2 {(00:00)} c4 {(00:00)} 41. b3 {(
19:51)} axb3 {(13:57)} 42. axb3 {(01:14)} cxb3 {(01:07)}
43. cxb3 {(00:05)} Ra8 {(00:13)} 44. Kd3 {(04:08)} Ra3 {
(00:19)} 45. Re8+ {(08:09)} Kg7 {(00:06)} 46. Nf5+ {
(00:05)} Kf7 {(00:02)} 47. Nd6+ {(00:04)} Kg7 {(00:
04)} 48. Nf5+ {(00:08)} Kf7 {(00:01)} 49. Nd6+ {(01:55)}
Kg7 {(00:06)} 50. Nf5+ {(00:04)} Kf7 {(00:16)} 51. Nd6+ {
(01:02)} Kg7 {(00:08)} 52. Nf5+ {(00:04)} Kf7 {(00:
03)} 53. Nd6+ 1/2-1/2

[Event "42nd Olympiad Baku 2016 Open"]
[Site "Baku"]
[Date "2016.09.04"]
[Round "3.16"]
[White "Antoniou, Antonis"]
[Black "Thompson, Edward Nii Lamptey"]
[Result "1-0"]
[ECO "C00"]
[WhiteElo "2172"]
[BlackElo "1889"]
[Annotator ""]
[PlyCount "115"]
[EventDate "2016.??.??"]
[EventCountry "AZE"]
[SourceTitle "playchess.com"]
[Source "ChessBase"]
[WhiteTeam "Cyprus"]
[BlackTeam "Ghana"]
[WhiteTeamCountry "CYP"]
[BlackTeamCountry "GHA"]
[TimeControl "40/5400+30:1800+30"]

1. e4 {(00:00)} e6 {(00:00)} 2. d3 {(00:00)} d5 {(
00:19)} 3. Nd2 {(00:00)} dxe4 {(00:19)} 4. dxe4 {(00:00)}
e5 {(00:21)} 5. Ngf3 {(00:27)} Nd7 {(00:15)} 6. Bc4 {
(01:28)} Bd6 {(01:20)} 7. O-O {(02:36)} Ngf6 {(00:
06)} 8. Re1 {(04:34)} O-O {(00:06)} 9. Nf1 {(01:09)} h6 {
(08:52)} 10. Ng3 {(00:39)} Nb6 {(00:29)} 11. Bb3 {(
02:27)} c5 {(00:15)} 12. c3 {(00:52)} c4 {(06:26)} 13. Bc2
{(01:22)} Be6 {(00:21)} 14. h3 {(06:32)} Bc7 {(00:
46)} 15. Qe2 {(00:08)} Qe8 {(00:50)} 16. Nh4 {(00:48)} Kh7
{(00:15)} 17. Nhf5 {(07:13)} Ng8 {(00:54)} 18. Rd1 {
(23:53)} f6 {(07:33)} 19. Be3 {(03:43)} Qc6 {(01:
06)} 20. Rd2 {(10:12)} Rad8 {(00:06)} 21. Rad1 {(00:23)}
g6 {(04:06)} 22. Rxd8 {(02:22)} Rxd8 {(00:08)} 23. Rxd8 {
(00:26)} Bxd8 {(00:18)} 24. Nxh6 {(00:47)} Nxh6 {(
01:18)} 25. Bxh6 {(00:03)} Kxh6 {(12:50)} 26. Qd2+ {(02:
30)} Kg7 {(00:09)} 27. Qxd8 {(00:17)} Qd7 {(00:39)} 28.
Qxd7+ {(01:52)} Nxd7 {(00:12)} 29. Nf1 {(02:46)} f5 {
(01:19)} 30. Nd2 {(04:02)} Nc5 {(01:04)} 31. Kf1 {(
02:22)} b6 {(05:48)} 32. Ke2 {(02:49)} Kf6 {(01:48)} 33.
b4 {(09:27)} Nb7 {(03:10)} 34. g3 {(07:34)} Nd6 {(
03:18)} 35. h4 {(00:21)} Nb5 {(01:34)} 36. Nb1 {(00:01)}
Nd6 {(01:09)} 37. Ke3 {(01:20)} Bd7 {(03:56)} 38. exf5
gxf5 {(01:24)} 39. f4 {(00:58)} Bc6 {(00:41)} 40. Nd2 {
(00:00)} Bd5 {(00:00)} 41. a4 {(01:28)} Bc6 {(05:
35)} 42. fxe5+ {(09:26)} Kxe5 {(00:20)} 43. Nf3+ {(00:03)}
Bxf3 {(07:52)} 44. Kxf3 {(00:08)} Ne8 {(00:03)} 45. g4 {
(06:00)} fxg4+ {(01:54)} 46. Kxg4 {(00:03)} Nf6+ {(
02:25)} 47. Kg5 {(00:13)} a6 48. Bf5 {(12:13)} Ne4+ {(18:
34)} 49. Bxe4 {(00:43)} Kxe4 {(00:07)} 50. h5 {(00:06)}
Kd3 {(00:08)} 51. h6 {(00:07)} Kxc3 {(00:02)} 52. h7 {
(00:21)} Kxb4 {(00:18)} 53. h8=Q {(00:14)} Kxa4 {(
00:19)} 54. Qa1+ {(02:14)} Kb4 {(00:43)} 55. Qb2+ {(00:54]
} Kc5 {(00:05)} 56. Kf4 {(00:06)} b5 {(00:31)} 57. Ke4 {
(00:06)} a5 {(00:19)} 58. Qa3+ {(00:10] Kd5+} 1-0